 Dungeon Crawl Stone Soup version 0.22-a0-410-g97be04f (webtiles) character file.

10731 Mgcat the Fighter (level 11, -2/96 HPs)
             Began as a Mummy Fighter on May 11, 2018.
             Was an Initiate of Gozag.
             Killed from afar by a steam dragon (15 damage)
             ... with a ball of steam
             ... on level 11 of the Dungeon.
             The game lasted 00:25:45 (12221 turns).

Mgcat the Fighter (Mummy Fighter)                  Turns: 12221, Time: 00:25:46

Health: -2/96      AC: 13    Str: 26    XL:     11   Next: 40%
Magic:  1/13       EV:  7    Int:  8    God:    Gozag
Gold:   239        SH:  9    Dex: 12    Spells: 10/10 levels left

rFire    x . .     SeeInvis .   u - +1 whip (flame)
rCold    + . .     Gourm    .   c - +0 shield
rNeg     + + +     Faith    .   z - +1 scale mail {MR+}
rPois    ∞         Spirit   .   b - +0 helmet
rElec    .         Reflect  .   q - +1 cloak
rCorr    .         Harm     .   s - +2 pair of gloves
MR       ++...                  (no boots)
Stlth    ..........             (no amulet)
HPRegen  0.26/turn              h - +4 ring of strength
MPRegen  0.13/turn              v - +1 ring of slaying

@: gold aura, flying, hasted, very quick
A: no food or potions, fire vulnerability, cold resistance 1, negative energy
resistance 3, torment resistance, unbreathing
a: Potion Petition, Call Merchant, Bribe Branch, Renounce Religion


You were on level 11 of the Dungeon.
You worshipped Gozag.
Gozag was aware of your devotion.
You were not hungry.

You visited 1 branch of the dungeon, and saw 11 of its levels.

You collected 1808 gold pieces.
You paid 1569 gold pieces to Gozag.

Inventory:

Hand Weapons
 u - a +1 whip of flaming (weapon)
   (You took it off Pikel on level 8 of the Dungeon)
Missiles
 a - 3 curare-tipped needles
 t - a throwing net {=f, !d}
Armour
 b - a +0 helmet (worn)
   (You found it on level 11 of the Dungeon)
 c - a +0 shield (worn)
 q - a +1 cloak (worn)
   (You found it on level 6 of the Dungeon)
 s - a +2 pair of gloves (worn)
   (You found it on level 7 of the Dungeon)
 z - a +1 scale mail of magic resistance (worn)
   (You found it on level 10 of the Dungeon)
Magical Staves
 m - an uncursed staff of death {rN+}
   (You found it on level 3 of the Dungeon)
 y - an uncursed staff of air {rElec}
   (You found it on level 10 of the Dungeon)
Jewellery
 h - a +4 ring of strength (left hand)
   (You found it on level 5 of the Dungeon)
 v - a +1 ring of slaying (right hand)
   (You found it on level 8 of the Dungeon)
 B - a +3 ring of intelligence
   (You found it on level 11 of the Dungeon)
Wands
 d - a wand of clouds (3)
   (You found it on level 5 of the Dungeon)
 e - a wand of iceblast (25)
   (You found it on level 6 of the Dungeon)
 l - a wand of paralysis (14)
   (You found it on level 7 of the Dungeon)
 o - a wand of disintegration (24)
   (You found it on level 4 of the Dungeon)
 r - a wand of random effects (19)
   (You found it on level 6 of the Dungeon)
 x - a wand of flame (40)
   (You found it on level 10 of the Dungeon)
 A - a wand of polymorph (12)
   (You found it on level 11 of the Dungeon)
 C - a wand of enslavement (20)
   (You found it on level 11 of the Dungeon)
Scrolls
 f - 5 scrolls of enchant weapon
 g - 7 scrolls of remove curse
 i - a scroll of acquirement {unknown}
 j - a scroll of amnesia
 k - a scroll of fear
 n - 2 scrolls of immolation {!r}
 p - 2 scrolls of magic mapping {!r}


   Skills:
 + Level 12.4 Fighting
 + Level 10.5 Maces & Flails
 - Level 2.4 Armour
 - Level 2.4 Shields
 + Level 3.8 Evocations


You had 10 spell levels left.
You didn't know any spells.

Dungeon Overview and Level Annotations

Branches:
Dungeon (11/15)            Temple (0/1) D:6            Lair (0/6) D:9
    Orc: D:9-12

Altars:
Elyvilon
Gozag
Hepliaklqana
Makhleb
Qazlal
Wu Jian
Zin
The Shining One

Shops:
D:8 *


Innate Abilities, Weirdness & Mutations

You do not eat or drink.
Your flesh is vulnerable to fire.
You are immune to poison.
Your flesh is cold resistant. (rC+)
You are immune to negative energy. (rN+++)
You are immune to unholy pain and torment.
You can survive without breathing.


Message History

You hit the wraith. You burn the wraith.
The wraith is moderately damaged.
The wraith hits you but does no damage. The eye of draining gazes at you.
You feel your power leaking away.
You hit the wraith but do no damage.
The wraith is moderately damaged.
You hit the wraith. You burn the wraith.
The wraith is moderately damaged.
The wraith hits you.
* * * LOW HITPOINT WARNING * * *
[a] - 338 gold - heal wounds and magic [b] - 675 gold - heal wounds, magic, haste and brilliance [c] - 350 gold - haste and brilliance Purchase which effect?
You don't have enough gold for that! [a] - 338 gold - heal wounds and magic [b] - 675 gold - heal wounds, magic, haste and brilliance [c] - 350 gold - haste and brilliance Purchase which effect?
You no longer have enough gold to petition Gozag for potion effects.
You feel much better. Magic courses through your body.
The wraith hits you but does no damage. The eye of draining gazes at you.
You feel your power leaking away.
You hit the wraith but do no damage.
The wraith is moderately damaged.
The wraith hits you. The wraith drains your vigour!
You feel as though you will be slow longer.
You hit the wraith. You burn the wraith.
The wraith is heavily damaged.
You block the wraith's attack.
You closely miss the wraith.
The wraith is heavily damaged.
The eye of draining gazes at you.
You feel your power leaking away.
You hit the wraith. You burn the wraith.
The wraith is heavily damaged.
The wraith closely misses you.
You hit the wraith. You burn the wraith.
The wraith is severely damaged.
The wraith hits you but does no damage.
You hit the wraith. You burn the wraith.
The wraith is almost destroyed.
The eye of draining gazes at you.
You feel your power leaking away.
You hit the wraith but do no damage.
The wraith is almost destroyed.
You block the wraith's attack.
You hit the wraith but do no damage.
The wraith is almost destroyed.
The wraith barely misses you.
You hit the wraith but do no damage.
The wraith is almost destroyed.
The wraith hits you but does no damage. The eye of draining gazes at you.
You feel your power leaking away.
You hit the wraith but do no damage.
The wraith is almost destroyed.
You whack the wraith! You burn the wraith.
You destroy the wraith!
The steam dragon is distracted by the nearby gold.
You whack the eye of draining! You burn the eye of draining.
The eye of draining is moderately wounded.
You whack the eye of draining! You burn the eye of draining.
The eye of draining is heavily wounded.
You hit the eye of draining. You burn the eye of draining.
The eye of draining is heavily wounded.
You hit the eye of draining but do no damage.
The eye of draining is heavily wounded.
The steam dragon is no longer distracted by gold.
The steam dragon breathes steam at you. The ball of steam misses you.
You hear a horrible gurgling sound!
You hit the eye of draining. You burn the eye of draining.
The eye of draining is heavily wounded.
You are engulfed in a cloud of scalding steam.
Your shield and scale mail prevent you from hitting the eye of draining.
The eye of draining is heavily wounded.
You whack the eye of draining! You burn the eye of draining.
The eye of draining is almost dead.
You feel yourself speed up. The steam dragon breathes steam at you.
The ball of steam hits you! The steam scalds you terribly!
* * * LOW HITPOINT WARNING * * *
The eye of draining gazes at you.
You hit the eye of draining but do no damage.
The eye of draining is almost dead.
You are engulfed in a cloud of scalding steam.
You hit the eye of draining. You burn the eye of draining.
The eye of draining is almost dead.
You are engulfed in a cloud of scalding steam.
* * * LOW HITPOINT WARNING * * *
You hit the eye of draining. You burn the eye of draining.
The eye of draining is almost dead.
You are engulfed in a cloud of scalding steam.
The steam dragon breathes steam at you. The ball of steam hits you!
The steam scalds you terribly!
You die...
Your body crumbles into a pile of gold.

####
##########
#>..
#.........
#...
#.........
####
#§§.(.....
#§G.......
#@§$......
#..D§§....
#.....§...
+...§.§...
#.....§...
#.........
#...[.....
##)####...


You could see an eye of draining and a steam dragon.

Vanquished Creatures
  Pikel (D:8)
  A manticore (D:10)
  A cyclops (D:11)
  2 trolls
  A queen bee (D:10)
  Grinder (D:4)
  A hornet (D:10)
  2 hippogriffs
  A wraith (D:11)
  8 yaks
  A wyvern (D:9)
  A hungry ghost (D:7)
  A vampire mosquito (D:11)
  Menkaure (D:6)
  A water moccasin (D:5)
  2 porcupines (D:9)
  Duvessa (D:7)
  4 sky beasts
  A slave (D:8)
  3 black bears
  2 orc warriors
  A necrophage (D:11)
  A phantom (D:5)
  5 ice beasts
  7 ogres
  4 centaurs
  3 crocodiles (D:9)
  3 big kobolds
  8 bullfrogs
  Dowan (D:7)
  A wyvern skeleton (D:11)
  7 scorpions
  15 killer bees
  An electric eel (D:11)
  A howler monkey (D:3)
  2 centaur zombies
  3 crimson imps
  A quasit (D:8)
  A jelly (D:7)
  A bullfrog zombie (D:7)
  3 hounds
  3 orc priests
  Crazy Yiuf (D:7)
  3 centaur skeletons
  6 orc wizards
  9 worker ants
  2 iguanas
  6 adders
  A white imp (D:4)
  An adder skeleton (D:9)
  An adder zombie (D:5)
  3 worms
  2 dart slugs (D:1)
  4 leopard geckos
  16 orcs
  4 giant cockroaches
  8 hobgoblins
  9 jackals
  4 quokkas
  5 ball pythons
  9 bats
  9 frilled lizards
  10 goblins
  A goblin skeleton (D:4)
  2 goblin zombies (D:4)
  14 kobolds
  2 kobold skeletons (D:4)
  A kobold zombie (D:4)
  An orc zombie (D:4)
  A rat (D:1)
244 creatures vanquished.

Vanquished Creatures (others)
  A slave (D:8)
  10 fungi (D:9)
  5 plants
16 creatures vanquished.

Grand Total: 260 creatures vanquished

Notes
Turn   | Place    | Note
-------+----------+-------------------------------------------
     0 | D:1      | Mgcat the Mummy Fighter began the quest for the Orb.
     0 | D:1      | Reached XP level 1. HP: 18/18 MP: 1/1
   139 | D:1      | Reached XP level 2. HP: 23/24 MP: 2/2
   146 | D:1      | Reached skill level 2 in Maces & Flails
   611 | D:2      | Reached XP level 3. HP: 16/29 MP: 3/3
  1167 | D:2      | Reached skill level 4 in Fighting
  1345 | D:2      | Found a white marble altar of Elyvilon.
  1376 | D:2      | Reached XP level 4. HP: 28/37 MP: 4/4
  1813 | D:3      | HP: 8/37 [worker ant (3)]
  1814 | D:3      | Reached skill level 3 in Maces & Flails
  2053 | D:3      | Reached XP level 5. HP: 24/43 MP: 5/5
  2603 | D:4      | Noticed an ogre
  2619 | D:4      | Reached skill level 5 in Fighting
  2638 | D:4      | Reached XP level 6. HP: 18/51 MP: 6/6
  2831 | D:4      | Reached skill level 4 in Maces & Flails
  3160 | D:4      | Noticed Grinder
  3168 | D:4      | Killed Grinder
  3168 | D:4      | Reached skill level 6 in Fighting
  3168 | D:4      | Reached XP level 7. HP: 59/59 MP: 7/7
  3296 | D:4      | Reached skill level 5 in Maces & Flails
  3624 | D:4      | Found a glowing golden altar of the Shining One.
  3902 | D:5      | Entered Level 5 of the Dungeon
  3911 | D:5      | Reached skill level 7 in Fighting
  4017 | D:5      | Reached XP level 8. HP: 56/67 MP: 8/8
  4018 | D:5      | Found a hazy altar of Hepliaklqana.
  4018 | D:5      | Found an opulent altar of Gozag.
  4018 | D:5      | Found a stormy altar of Qazlal.
  4026 | D:5      | Became a worshipper of Gozag Ym Sagoz the Greedy
  4110 | D:5      | Reached skill level 6 in Maces & Flails
  4145 | D:5      | HP: 13/67 [orc priest/divine providence (10)]
  4443 | D:5      | Reached skill level 8 in Fighting
  4768 | D:6      | Found a staircase to the Ecumenical Temple.
  5096 | D:6      | Noticed Menkaure
  5098 | D:6      | Killed Menkaure
  5404 | D:7      | Found a runed door.
  5471 | D:7      | Reached skill level 7 in Maces & Flails
  5480 | D:7      | Noticed Duvessa
  5493 | D:7      | Killed Duvessa
  5493 | D:7      | Reached XP level 9. HP: 75/75 MP: 9/9
  5495 | D:7      | Noticed Dowan
  5501 | D:7      | HP: 15/75 [Dowan/dagger of electrocution (14)]
  5509 | D:7      | Killed Dowan
  5509 | D:7      | Reached skill level 9 in Fighting
  6631 | D:7      | Noticed Crazy Yiuf
  6638 | D:7      | Killed Crazy Yiuf
  7112 | D:8      | Noticed Pikel
  7156 | D:8      | Killed Pikel
  7156 | D:8      | Reached skill level 10 in Fighting
  7156 | D:8      | Reached skill level 8 in Maces & Flails
  7320 | D:8      | Found Zin's Purification Station.
  7323 | D:8      | Found a glowing silver altar of Zin.
  7388 | D:8      | HP: 16/79 [killer bee (7)]
  8237 | D:8      | Found a burning altar of Makhleb.
  8237 | D:8      | Noticed a green death
  8240 | D:8      | Noticed a hellwing
  8329 | D:9      | Found an ornate altar of the Wu Jian Council.
  8386 | D:9      | Reached XP level 10. HP: 84/86 MP: 10/10
  8433 | D:9      | Found a staircase to the Lair.
  8464 | D:9      | Reached skill level 9 in Maces & Flails
  8489 | D:9      | Reached skill level 11 in Fighting
  9554 | D:10     | Entered Level 10 of the Dungeon
  9891 | D:10     | Reached skill level 1 in Evocations
 10206 | D:10     | Reached skill level 10 in Maces & Flails
 10347 | D:10     | Reached skill level 2 in Evocations
 11011 | D:11     | Reached skill level 12 in Fighting
 11011 | D:11     | Reached XP level 11. HP: 47/95 MP: 12/12
 11188 | D:10     | HP: 23/95 [manticore (6)]
 11191 | D:10     | HP: 11/95 [manticore (12)]
 11192 | D:10     | HP: 2/95 [manticore (8)]
 11667 | D:10     | Reached skill level 3 in Evocations
 12158 | D:11     | HP: 22/96 [vampire mosquito (3)]
 12168 | D:11     | HP: 12/96 [vampire mosquito (5)]
 12173 | D:11     | HP: 7/96 [vampire mosquito (7)]
 12180 | D:11     | HP: 24/96 [centaur warrior skeleton (3)]
 12193 | D:11     | HP: 17/96 [wraith (4)]
 12198 | D:11     | HP: 15/96 [wraith (3)]
 12217 | D:11     | HP: 16/96 [steam dragon/ball of steam (16)]
 12221 | D:11     | Killed from afar by a steam dragon

Vault maps used:
D:1:      dpeg_arrival_chase
D:2:      lemuel_doored_altar, minmay_misc_feat_hallway
D:3:      first_ration
D:4:      nicolae_tso_besieged_by_evil, uniq_grinder
D:5:      gammafunk_temple_overflow_claw
D:6:      temple_fountains, uniq_menkaure
D:7:      grunt_ogre_cave, uniq_duvessa, uniq_crazy_yiuf_cottage
D:8:      makhleb_altar_promises_db, zin_purify, uniq_pikel
D:9:      due_lair_maze_entry_diamond, basic_altar
D:10:     corexii_leaking_fountain, nicolae_looking_at_the_future

Skill      XL: |  1  2  3  4  5  6  7  8  9 10 11 |
---------------+----------------------------------+-----
Maces & Flails | 2 3 4 5 7 8 10 | 10.5
Fighting       | 4 5 6 7 8 10 12 | 12.4
Evocations     | 2 3 |  3.8
Armour         | |  2.4
Shields        | |  2.4

Action                   |  1- 3 |  4- 6 |  7- 9 | 10-12 || total
-------------------------+-------+-------+-------+-------++-------
Melee: Flail             |   183 |   167 |   353 |       ||   703
       Whip              |       |       |    94 |   587 ||   681
Invok: Potion Petition   |       |       |     1 |     3 ||     4
Evoke: Wand              |       |     4 |    11 |    14 ||    29
  Use: Scroll            |       |       |    15 |     3 ||    18
 Stab: Confused          |       |       |     3 |       ||     3
       Distracted        |       |       |     1 |     2 ||     3
       Invisible         |       |       |     1 |       ||     1
Armor: Scale mail        |   129 |    66 |   170 |   179 ||   544
Dodge: Dodged            |    48 |    46 |    88 |   123 ||   305
Block: Shield            |   115 |    81 |   180 |   206 ||   582

Table legend:
 A = Spawn XP
 B = Non-spawn XP
 C = Spawn XP percentage of total XP
 D = Spawn monster count
 E = Non-spawn monster count
 F = Spawn count percentage of total count
 G = Total turns spent on level
                    A         B        C        D         E        F      G
               +---------+---------+-------+---------+---------+-------+---------
         Total |       0 |   15330 |   0.0 |       0 |     243 |   0.0 | 12221
               +---------+---------+-------+---------+---------+-------+---------
           D:1 |       0 |      32 |   0.0 |       0 |      18 |   0.0 |   587
           D:2 |       0 |      68 |   0.0 |       0 |      23 |   0.0 |  1018
           D:3 |       0 |     156 |   0.0 |       0 |      23 |   0.0 |  1162
           D:4 |       0 |     892 |   0.0 |       0 |      27 |   0.0 |  1135
           D:5 |       0 |     854 |   0.0 |       0 |      17 |   0.0 |   823
           D:6 |       0 |     356 |   0.0 |       0 |       4 |   0.0 |   612
           D:7 |       0 |    1300 |   0.0 |       0 |      17 |   0.0 |  1599
           D:8 |       0 |    1785 |   0.0 |       0 |      24 |   0.0 |  1393
           D:9 |       0 |    2903 |   0.0 |       0 |      44 |   0.0 |  1261
          D:10 |       0 |    3991 |   0.0 |       0 |      31 |   0.0 |  2092
          D:11 |       0 |    2993 |   0.0 |       0 |      15 |   0.0 |   539
               +---------+---------+-------+---------+---------+-------+---------

Vault maps used:
D:1:      dpeg_arrival_chase
D:2:      lemuel_doored_altar, minmay_misc_feat_hallway
D:3:      first_ration
D:4:      nicolae_tso_besieged_by_evil, uniq_grinder
D:5:      gammafunk_temple_overflow_claw
D:6:      temple_fountains, uniq_menkaure
D:7:      grunt_ogre_cave, uniq_duvessa, uniq_crazy_yiuf_cottage
D:8:      makhleb_altar_promises_db, zin_purify, uniq_pikel
D:9:      due_lair_maze_entry_diamond, basic_altar
D:10:     corexii_leaking_fountain, nicolae_looking_at_the_future

Table legend:
 A = Turns spent in this place as a percentage of turns spent in the entire game.
 B = Non-inter-level travel turns spent in this place as a percentage of non-inter-level travel turns spent in the entire game.
 C = Inter-level travel turns spent in this place as a percentage of turns spent in this place.
 D = Turns resting spent in this place as a percentage of non-inter-level travel turns spent in this place.
 E = Turns spent auto-exploring this place as a percentage of non-inter-level travel turns spent in this place.
 F = Non-inter-level travel turns spent in this place divided by the number of levels of this place that you've seen.
                   A       B       C       D       E      F
               +-------+-------+-------+-------+-------+----------------------
         Total | 100.0 | 100.0 |   3.3 |   6.0 |  72.7 | 1074.4
       Dungeon | 100.0 | 100.0 |   3.3 |   6.0 |  72.7 | 1074.4
               +-------+-------+-------+-------+-------+----------------------

Table legend:
 A = Kills in this place as a percentage of kills in entire the game.
 B = Kills by you in this place as a percentage of kills by you in the entire game.
 C = Kills by friends in this place as a percentage of kills by friends in the entire game.
 D = Other kills in this place as a percentage of other kills in the entire game.
 E = Experience gained in this place as a percentage of experience gained in the entire game.
 F = Experience gained in this place divided by the number of levels of this place that you have seen.
                   A       B       C       D       E      F
               +-------+-------+-------+-------+-------+----------------------
         Total | 100.0 | 100.0 |   N/A |   N/A | 100.0 | 1393.6
       Dungeon | 100.0 | 100.0 |   N/A |   N/A | 100.0 | 1393.6
               +-------+-------+-------+-------+-------+----------------------
